 Dungeon Crawl Stone Soup version 0.29.1-15-g9cfb28693d (webtiles) character file.

Game seed: 14399653432811731575

205 Descartes the Shield-Bearer (level 6, -4/48 HPs)
             Began as a Formicid Fighter on Apr 1, 2023.
             Slain by an orc warrior
             ... wielding a +2 short sword of venom
              (7 damage)
             ... on level 4 of the Dungeon.
             The game lasted 00:04:45 (3388 turns).

Descartes the Shield-Bearer (Formicid Fighter)      Turns: 3388, Time: 00:04:45

Health: -4/48      AC:  7    Str: 22    XL:     6   Next: 9%
Magic:  6/6        EV: 10    Int: 11    God:
Gold:   186        SH:  5    Dex: 16    Spells: 5/5 levels left

rFire   . . .      SeeInvis +   w - +7 mace "Descartes's Doom" {flame, rC+ Dex+3}
rCold   + . .      Faith    .   c - +0 buckler
rNeg    . . .      Spirit   .   y - +0 ring mail "Cebyff" {Regen+ rCorr Int+3 Slay-6}
rPois   .          Reflect  .   (helmet unavailable)
rElec   .          Harm     .   o - +0 cloak
rCorr   +          Rampage  .   (no gloves)
Will    .....                   (no boots)
Stlth   +.........              (no amulet)
HPRegen 0.96/turn               u - ring of wizardry
MPRegen 0.10/turn               (no ring)

@: lethally poisoned (-4 -> -32)
A: permanent stasis, dig shafts and tunnels, antennae 3, four strong arms
a: Dig, Shaft Self


You were on level 4 of the Dungeon.
You visited 1 branch of the dungeon, and saw 4 of its levels.

You collected 186 gold pieces.

Inventory:

Hand Weapons
 a - a +0 war axe
 w - the +7 mace "Descartes's Doom" (weapon) {flame, rC+ Dex+3}
   (You took it off an orc on level 3 of the Dungeon)

   It burns those it strikes, dealing additional fire damage.
   Dex:       It affects your dexterity (+3).
   rC:        It protects you from cold.
Missiles
 s - 11 poisoned darts
Armour
 c - a +0 buckler (worn)
 j - a +0 chain mail
 o - a +0 cloak (worn)
 y - the +0 ring mail "Cebyff" (worn) {Regen+ rCorr Int+3 Slay-6}
   (You found it on level 3 of the Dungeon)

   Int:       It affects your intelligence (+3).
   Slay:      It affects your accuracy & damage with ranged weapons and melee
   (-6).
   Regen:     It increases your rate of health regeneration.
   rCorr:     It protects you from acid and corrosion.
Jewellery
 u - a ring of wizardry (left hand)
Wands
 t - a wand of flame (14)
Scrolls
 e - 6 scrolls of identify {unknown}
 i - 3 scrolls of teleportation {unknown}
 k - 2 scrolls of poison {unknown}
 l - a scroll of enchant weapon {unknown}
 m - a scroll of silence {unknown}
 p - a scroll of vulnerability {unknown}
 r - a scroll of immolation {unknown}
 x - a scroll of blinking {unknown}
Potions
 b - 3 potions of degeneration {unknown}
 d - a potion of might
 f - 2 potions of haste {unknown}
 g - 2 potions of lignification {unknown}
 h - 2 potions of attraction {unknown}
 n - a potion of invisibility {unknown}
 q - a potion of heal wounds {unknown}
 v - 2 potions of cancellation {unknown}


   Skills:
 + Level 4.2 Fighting
 - Level 2.9(3.0) Axes
 + Level 0.7(2.0) Maces & Flails
 + Level 4.1 Armour
 + Level 5.1 Shields
 - Level 0.9 Translocations
 + Level 2.4 Earth Magic


You had 5 spell levels left.
You didn't know any spells.
Your spell library contained the following spells:

 Spells                   Type           Power      Damage    Failure   Level
 Magic Dart               Conj           0%         1d3       26%         1
 Searing Ray              Conj           0%         2d4       38%         2
 Ignite Poison            Fire/Tmut/Pois 0%         N/A       58%         3
 Fulminant Prism          Conj/Hex       0%         3d6       92%         4
 Summon Ice Beast         Ice/Summ       0%         N/A       92%         4
 Simulacrum               Ice/Necr       0%         N/A       100%        6


Dungeon Overview and Level Annotations

Branches:
Dungeon (4/15)
 Temple: D:4-7

Altars:
Qazlal
Ru
Sif Muna
Trog


Innate Abilities, Weirdness & Mutations

You cannot be hasted, slowed, berserked, paralysed or teleported.
You can dig through walls and to a lower floor.
You have a pair of large antennae on your head. (SInv)
Your four strong arms can wield two-handed weapons with a shield.


Message History

The orc warrior is severely wounded.
You feel very sick. The quokka barely misses you. The howler monkey hits you.
The orc warrior hits you with a +2 short sword of venom.
You are more poisoned.
The howler monkey completely misses you.
The quokka closely misses you.
You barely miss the orc warrior.
The orc warrior is severely wounded.
You feel very sick. The orc warrior closely misses you.
The quokka barely misses you.
The howler monkey hoots and howls with incredible vigour! x2
The orc warrior closely misses you.
You hear an angry hiss.
You hit the orc warrior but do no damage.
The orc warrior is severely wounded.
You feel very sick. You block the howler monkey's attack.
The quokka closely misses you. The quokka barely misses you.
The howler monkey hits you but does no damage.
The orc warrior barely misses you.
You closely miss the orc warrior.
The orc warrior is severely wounded.
You feel very sick. The quokka bites you.
The howler monkey completely misses you.
The orc warrior hits you with a +2 short sword of venom!
You are more poisoned.
The quokka closely misses you. The howler monkey closely misses you.
You hit the orc warrior. You burn the orc warrior.
The orc warrior is almost dead.
You feel very sick.
The orc warrior hits you with a +2 short sword of venom!
* * * LOW HITPOINT WARNING * * *
You are more poisoned.
The howler monkey barely misses you. The quokka bites you.
* * * LOW HITPOINT WARNING * * *
The howler monkey hoots and howls with incredible vigour!
The orc warrior hits you with a +2 short sword of venom!
You die...

#...........#
######...##+#!?!#
#..### #...# #.##{
#...# ###.+ {#...# {
#.†.##{ #...# { {
#.#†.###{ #.oh#{
###.##...####hor# #..
#............##@##....#
#.........#........#
#........##.##....##
................###
##........##.##.##
#.......#.#.....
#.......##...###
####### ###


You could see an orc warrior, 2 howler monkeys, an orc and a quokka.

Vanquished Creatures
  A scorpion (D:4)
  Robin (D:1)
  4 adders (D:2)
  An ufetubus (D:4)
  2 worms
  A dart slug (D:4)
  6 orcs (D:3)
  4 endoplasms
  A giant cockroach (D:2)
  8 hobgoblins
  9 kobolds
  2 quokkas (D:1)
  5 ball pythons
  7 bats
  9 frilled lizards
  16 goblins
  4 rats
81 creatures vanquished.

Vanquished Creatures (others)
  A plant (D:2)
1 creature vanquished.

Grand Total: 82 creatures vanquished

Notes
Turn   | Place    | Note
-------+----------+-------------------------------------------
     0 | D:1      | Descartes the Formicid Fighter began the quest for the Orb.
     0 | D:1      | Reached XP level 1. HP: 18/18 MP: 1/1
   263 | D:1      | Reached XP level 2. HP: 21/24 MP: 2/2
   413 | D:1      | Got Xaxtix's Exposition on Pollution and the Iceberg
   826 | D:1      | Reached XP level 3. HP: 20/29 MP: 3/3
  1146 | D:2      | Noticed Robin
  1163 | D:1      | Killed Robin
  1164 | D:1      | Reached skill level 1 in Earth Magic
  1357 | D:2      | Reached XP level 4. HP: 23/37 MP: 4/4
  2089 | D:2      | Reached XP level 5. HP: 38/42 MP: 5/5
  2648 | D:3      | Found a shimmering blue altar of Sif Muna.
  2726 | D:3      | Identified the +7 mace "Descartes's Doom" {flame, rC+
                  | Dex+3}
  2913 | D:3      | Found a sacrificial altar of Ru.
  2999 | D:3      | Found a bloodstained altar of Trog.
  3207 | D:3      | Identified the +0 ring mail "Cebyff" {Regen+ rCorr Int+3
                  | Slay-6}
  3320 | D:4      | Found a stormy altar of Qazlal.
  3341 | D:4      | Reached skill level 5 in Shields
  3341 | D:4      | Reached XP level 6. HP: 32/48 MP: 6/6
  3375 | D:4      | Noticed an orc warrior
  3388 | D:4      | Slain by an orc warrior

Illustrated notes

Levels and vault maps discovered:
D:1:      nicolae_arrival_memento_mori, layout_loops_corners
D:2:      cheibrodos_old_hovel, layout_loops_corners, uniq_robin
D:3:      layout_rooms, amcnicky_altar_gilded, mainiacjoe_overflow_24_doors,
          lightli_temple_of_fire, grunt_ministairs_6
D:4:      layout_loops_ring, lemuel_tele_altar, serial_shops,
          nicolae_lakefront_shop, minmay_divided_ellipse

Skill      XL: |  1  2  3  4  5 |
---------------+----------------+-----
Earth Magic    | 1 2 |  2.4
Fighting       | 4 |  4.2
Armour         | 4 |  4.1
Shields        | 5 |  5.1
Axes           | |  2.9
Maces & Flails | |  0.7
Translocations | |  0.9

Action                   |  1- 3 |  4- 6 || total
-------------------------+-------+-------++-------
Melee: War axe           |   111 |    93 ||   204
       Mace              |       |    43 ||    43
Armor: Scale mail        |    15 |       ||    15
       Chain mail        |    44 |    77 ||   121
       Ring mail         |       |    14 ||    14
Dodge: Dodged            |    76 |    74 ||   150
Block: Buckler           |    38 |    42 ||    80
